 Dungeon Crawl Stone Soup version 0.18.0-1-g0107ab7 (webtiles) character file.

3899 Hasye the Protected (level 10, -11/118 HPs)
             Began as a Human Berserker on May 1, 2016.
             Was an Elder of Trog.
             Mangled by an orc warrior
             ... wielding a +0 glaive
              (20 damage)
             ... on level 8 of the Dungeon on May 5, 2016.
             The game lasted 01:41:19 (8392 turns).

Hasye the Protected (Human Berserker)               Turns: 8392, Time: 01:41:20

Health: -11/118    AC: 16    Str: 26    XL:     10   Next: 43%
Magic:  10/10      EV: 11    Int:  7    God:    Trog [****..]
Gold:   346        SH:  0    Dex: 15    Spells: 0 memorised, 9 levels left

rFire  + . .     SeeInvis .     B - +3 hand axe (elec)
rCold  . . .     Gourm    .     T - +1 plate armour {rF+}
rNeg   . . .     Faith    .     (no shield)
rPois  .         Spirit   .     F - +1 helmet
rElec  .         Dismiss  .     (no cloak)
rCorr  .         Reflect  .     (no gloves)
SustAt .         Harm     .     (no boots)
MR     .....                    (no amulet)
Stlth  ..........               U - +2 ring of strength
                                f - ring of stealth

@: berserking, lethally poisoned (-11 -> -12), very quick, not resistant to
hostile enchantments, extremely unstealthy
A: no striking features
a: Berserk, Trog's Hand, Brothers in Arms, Burn Spellbooks, Renounce Religion


You were on level 8 of the Dungeon.
You worshipped Trog.
Trog was greatly pleased with you.
You were hungry.

You visited 1 branch of the dungeon, and saw 8 of its levels.

You collected 346 gold pieces.

Inventory:

Hand Weapons
 k - a +0 club
 l - a +0 dagger
 m - a +0 hunting sling
 y - a +0 shortbow
 B - a +3 hand axe of electrocution (weapon)
 I - a +0 hunting sling
 V - a +0 shortbow
Missiles
 g - 17 poisoned needles (quivered)
 q - 22 tomahawks
 w - 58 sling bullets
 A - 92 arrows
Armour
 d - a +5 ring mail of positive energy
 n - a +0 leather armour of poison resistance
 v - a +0 scale mail
 F - a +1 helmet (worn)
 K - a +0 pair of gloves
 N - a +0 chain mail
 T - a +1 plate armour of fire resistance (worn)
Rods
 Q - a +0 iron rod (11/11)
   (You found it on level 8 of the Dungeon)
Jewellery
 b - an uncursed ring of fire
 f - a ring of stealth (left hand)
 i - an uncursed amulet of the gourmand
 t - an uncursed ring of positive energy
 S - an uncursed ring of magical power {unknown}
 U - a +2 ring of strength (right hand)
 Z - an uncursed ring of ice {unknown}
Wands
 s - a wand of paralysis (10/24)
Scrolls
 a - a scroll of immolation
 c - a scroll of enchant weapon
 p - a scroll of blinking {unknown}
 r - 4 scrolls of remove curse
 x - 2 scrolls of teleportation {unknown}
 D - a scroll of identify
 G - a scroll of magic mapping {unknown}
 H - 2 scrolls of random uselessness
 O - a scroll of enchant armour
 X - a scroll of recharging
 Y - a scroll of fog
Potions
 e - a potion of lignification
 h - 3 potions of haste {unknown}
 j - a potion of heal wounds
 o - 4 potions of curing
 u - 3 potions of brilliance
 z - a potion of might {unknown}
 E - a potion of flight {unknown}
 R - a potion of degeneration {unknown}
Books
 C - a book of Frost

   Spells                             Type                      Level
   a - Freeze                         Ice                          1
   b - Throw Frost                    Conjuration/Ice              2
   c - Ozocubu's Armour               Charms/Ice                   3
   d - Throw Icicle                   Conjuration/Ice              4
   e - Summon Ice Beast               Ice/Summoning                4
   Trog disapproves of the use of such an item.
 M - a book of Burglary

   Spells                             Type                      Level
   a - Swiftness                      Charms/Air                   2
   b - Passwall                       Transmutation/Earth          2
   c - Passage of Golubria            Translocation                4
   d - Lee's Rapid Deconstruction     Earth                        5
   e - Darkness                       Hexes                        6
   f - Invisibility                   Hexes                        6
   Trog disapproves of the use of such an item.
Comestibles
 J - 2 meat rations
 P - a slice of pizza
 W - 2 bread rations


   Skills:
 + Level 7.0 Fighting
 + Level 1.6 Short Blades
 + Level 6.4 Axes
 + Level 2.0 Slings
 + Level 2.2 Bows
 + Level 8.0 Armour
 + Level 6.5 Dodging
 + Level 2.1 Stealth
 + Level 3.7 Unarmed Combat


You had 9 spell levels left.
You didn't know any spells.

Dungeon Overview and Level Annotations

Branches:
Dungeon (8/15)             Temple (0/1) D:6            Lair (0/8) D:8

Altars:
Ashenzari
Cheibriados
Fedhas
Gozag
Kikubaaqudgha
Makhleb
Pakellas
The Shining One


Message History

* * * LOW HITPOINT WARNING * * *
The orc warrior freezes you.
* * * LOW HITPOINT WARNING * * *
The centaur hits you but does no damage.
You slash the orc warrior!
There is a sudden explosion of sparks!
You kill the orc warrior!
Trog accepts your kill.
You hit the centaur.
You kill the centaur!
Trog accepts your kill.
Your Armour skill increases to level 8!
The orc warrior hits you from afar with a glaive.
* * * LOW HITPOINT WARNING * * *
You feel sick.
You are too berserk!
You feel a strong urge to attack something.
The centaur wields a shortbow.
The centaur shoots an arrow.
The arrow hits you.
* * * LOW HITPOINT WARNING * * *
The orc warrior hits you from afar with a glaive!!
You die...

#......#......+...#...#.## #.
#......#......###.#.....######.
#..........#.................#.
#........###.#.##.#.....####.#.
#####........#........#....# #.
######################.# ## #...
#........####.# .....
#...#......##.#
......#@..##.....##(# ######
.....c))..##......#(# .....#
.....o#...####....†(# .≈...#
.....##...# #######.# ≈≈...###
#...# #...###)..###.#
≈≈.....###### #...##.....##.#
≈≈...#......####...#......[#.#..#
.....# #......##...'.......#.#...
.....# #.....##...#.......#.#...


You could see an orc warrior and a centaur.

Vanquished Creatures
  A centaur warrior (D:8)
  An unseen horror (D:8)
  Sigmund (D:4)
  The ghost of subsebi the Chopper, an amateur DsCK of Xom (D:3)
  2 sky beasts (D:8)
  2 orc warriors
  4 ice beasts
  A phantom (D:6)
  An ogre (D:5)
  3 centaurs
  2 giant frogs (D:7)
  A killer bee (D:8)
  2 crimson imps
  A howler monkey (D:7)
  A centaur zombie (D:6)
  A giant frog zombie (D:5)
  A quasit (D:6)
  2 jellies
  6 orc priests
  5 hounds
  5 orc wizards
  2 iguanas
  A worker ant (D:4)
  A killer bee zombie (D:6)
  2 hound skeletons
  A mummy (D:6)
  7 gnolls
  A howler monkey skeleton (D:7)
  10 adders
  A shadow imp (D:8)
  An ooze (D:7)
  An adder zombie (D:7)
  An adder skeleton (D:7)
  6 worms
  A dart slug (D:2)
  4 giant geckos
  28 orcs
  A bat zombie (D:3)
  7 giant cockroaches
  6 goblins
  6 hobgoblins
  A quokka (D:3)
  8 bats
  A giant cockroach zombie (D:5)
  13 giant newts
  A jackal skeleton (D:4)
  3 kobolds
  8 rats
  2 rat zombies (D:3)
169 creatures vanquished.

Notes
Turn   | Place    | Note
--------------------------------------------------------------
     0 | D:1      | Hasye the Human Berserker began the quest for the Orb.
     0 | D:1      | Reached XP level 1. HP: 18/18 MP: 1/1
   345 | D:1      | Reached XP level 2. HP: 24/24 MP: 2/2
  1137 | D:2      | Reached XP level 3. HP: 29/29 MP: 3/3
  1390 | D:2      | Reached ** piety under Trog
  2045 | D:3      | Noticed subsebi's ghost (amateur DsCK)
  2061 | D:3      | Killed subsebi's ghost
  2061 | D:3      | Reached skill level 1 in Short Blades
  2061 | D:3      | Reached XP level 4. HP: 35/35 MP: 0/4
  2061 | D:3      | Reached XP level 5. HP: 41/41 MP: 0/5
  2198 | D:3      | Reached XP level 6. HP: 29/47 MP: 6/6
  2987 | D:3      | Found an ancient bone altar of Kikubaaqudgha.
  3288 | D:3      | Reached skill level 3 in Armour
  3533 | D:4      | Noticed Sigmund
  3544 | D:4      | Killed Sigmund
  3544 | D:4      | Reached XP level 7. HP: 36/54 MP: 7/7
  3808 | D:4      | Upgraded the game from 0.18-b1-16-g289874d to 0.18-b1-22-ge198996
  3815 | D:4      | Reached skill level 5 in Dodging
  3823 | D:4      | Found a snail-covered altar of Cheibriados.
  3825 | D:4      | Found an oddly glowing altar of Pakellas.
  3846 | D:4      | Reached skill level 1 in Stealth
  3979 | D:4      | Reached *** piety under Trog
  4091 | D:4      | You fall through a shaft!
  4091 | D:5      | Entered Level 5 of the Dungeon
  4091 | D:5      | Found a blossoming altar of Fedhas.
  4172 | D:5      | Reached skill level 1 in Axes
  4419 | D:4      | Reached skill level 4 in Armour
  4578 | D:4      | Reached XP level 8. HP: 52/61 MP: 8/8
  4962 | D:5      | Reached skill level 1 in Slings
  5086 | D:5      | Received a gift from Trog
  5097 | D:5      | Found a glowing golden altar of the Shining One.
  5158 | D:5      | Found a burning altar of Makhleb.
  5159 | D:5      | Found a shattered altar of Ashenzari.
  5894 | D:6      | Reached skill level 5 in Fighting
  6013 | D:6      | Reached skill level 5 in Armour
  6015 | D:6      | Reached XP level 9. HP: 16/68 MP: 9/9
  6231 | D:6      | Found a staircase to the Ecumenical Temple.
  6403 | D:6      | Found an opulent altar of Gozag.
  6601 | D:6      | Reached skill level 1 in Bows
  6887 | D:7      | Reached **** piety under Trog
  7426 | D:7      | Upgraded the game from 0.18-b1-22-ge198996 to 0.18.0-1-g0107ab7
  7685 | D:8      | Reached skill level 6 in Armour
  7791 | D:8      | Found a staircase to the Lair.
  7980 | D:8      | Killed an unseen horror
  7980 | D:8      | Reached skill level 5 in Axes
  7980 | D:8      | Reached XP level 10. HP: 63/77 MP: 10/10
  8191 | D:8      | Noticed a centaur warrior
  8206 | D:8      | Killed a centaur warrior
  8206 | D:8      | Reached skill level 7 in Armour
  8390 | D:8      | Reached skill level 8 in Armour
  8392 | D:8      | Mangled by an orc warrior

Skill      XL: |  1  2  3  4  5  6  7  8  9 10 |
---------------+-------------------------------+-----
Short Blades   | 1 |  1.6
Dodging        | 4 5 6 |  6.5
Armour         | 3 4 5 6 8 |  8.0
Fighting       | 4 5 6 7 |  7.0
Stealth        | 1 2 |  2.1
Axes           | 1 3 5 6 |  6.4
Slings         | 1 2 |  2.0
Bows           | 2 |  2.2
Unarmed Combat | |  3.7

Action                   |  1- 3 |  4- 6 |  7- 9 | 10-12 || total
-------------------------+-------+-------+-------+-------++-------
Melee: Unarmed           |    11 |       |       |       ||    11
       Dagger            |   141 |    68 |       |       ||   209
       Punch             |     2 |     1 |     4 |       ||     7
       Hand axe          |       |    55 |   271 |    49 ||   375
 Fire: Hunting sling     |     1 |       |    15 |       ||    16
       Shortbow          |       |       |     7 |       ||     7
Invok: Berserk           |     3 |     1 |     4 |     2 ||    10
  Use: Scroll            |     4 |     2 |    14 |       ||    20
       Potion            |       |     1 |     1 |     1 ||     3
 Stab: Sleeping          |       |     1 |     2 |       ||     3
  Eat: Bread ration      |     2 |     1 |     1 |       ||     4
       Beef jerky        |       |       |     2 |       ||     2
       Meat ration       |       |       |     2 |       ||     2
       Fruit             |       |       |       |     3 ||     3
Armor: Ring mail         |    59 |    55 |    25 |       ||   139
       Animal skin       |     1 |       |       |       ||     1
       Plate armour      |       |       |   100 |    27 ||   127
Dodge: Dodged            |   112 |   100 |   131 |    25 ||   368
